 Dungeon Crawl Stone Soup version 0.20.1-1-g8b1a95d (webtiles) character file.

187 ANON1729 the Firebug (level 5, -2/25 HPs)
             Began as a Tengu Fire Elementalist on July 26, 2017.
             Slain by a hippogriff (8 damage)
             ... on level 2 of the Dungeon.
             The game lasted 00:06:51 (2004 turns).

ANON1729 the Firebug (Tengu Fire Elementalist)      Turns: 2004, Time: 00:06:52

Health: -2/25      AC:  2    Str:  8    XL:     5   Next: 66%
Magic:  5/10       EV: 13    Int: 17    God:
Gold:   54         SH:  3    Dex: 16    Spells: 6/10 levels left

rFire    . . .     SeeInvis .   g - +0 short sword
rCold    . . .     Gourm    .   (no shield)
rNeg     . . .     Faith    .   a - +0 robe
rPois    .         Spirit   .   (helmet restricted)
rElec    .         Reflect  +   (no cloak)
rCorr    .         Harm     .   (no gloves)
MR       .....     Rnd*Rage +   (boots unavailable)
Stlth    +++.......             k - +3 amulet of reflection
Regen    0.1/turn               (no ring)
MPRegen  0.2/turn               (no ring)

@: no status effects
A: beak, talons 3, thin skeletal structure 1, berserk 1, blink, frail 1, able to
fly 1
a: Fly, Blink


You were on level 2 of the Dungeon.
You were not hungry.

You visited 1 branch of the dungeon, and saw 3 of its levels.

You collected 54 gold pieces.

Inventory:

Hand Weapons
 g - a +0 short sword (weapon)
Armour
 a - a +0 robe (worn)
Jewellery
 k - a +3 amulet of reflection (around neck)
Scrolls
 d - a scroll of recharging {unknown}
 e - 4 scrolls of identify {unknown}
 j - a scroll of teleportation {unknown}
 l - a scroll of enchant weapon {unknown}
 n - a scroll of amnesia {unknown}
Potions
 h - a potion of resistance {unknown}
 o - a potion of brilliance {unknown}
 p - 2 potions of magic {unknown}
Books
 b - a book of Flames

   Spells                             Type                      Level
   a - Flame Tongue                   Conjuration/Fire             1
   b - Throw Flame                    Conjuration/Fire             2
   c - Conjure Flame                  Conjuration/Fire             3
   d - Inner Flame                    Hexes/Fire                   3
   e - Sticky Flame                   Conjuration/Fire             4
   f - Fireball                       Conjuration/Fire             5
 i - a book of Cantrips

   Spells                             Type                      Level
   a - Confusing Touch                Hexes                        1
   b - Animate Skeleton               Necromancy                   1
   c - Summon Small Mammal            Summoning                    1
   d - Apportation                    Translocation                1
Comestibles
 c - 2 bread rations
 f - 2 chunks of flesh
 m - a royal jelly


   Skills:
 - Level 2.2 Dodging
 - Level 2.2 Stealth
 + Level 3.1 Spellcasting
 + Level 4.0 Conjurations
 + Level 4.9 Fire Magic


You had 6 spell levels left.
You knew the following spells:

 Your Spells              Type           Power        Failure   Level  Hunger
a - Flame Tongue          Conj/Fire      ###..        2%          1    None
b - Conjure Flame         Conj/Fire      ###.....     9%          3    ###....


Dungeon Overview and Level Annotations

Branches:
Dungeon (3/15)

Altars:
Ashenzari


Innate Abilities, Weirdness & Mutations

You have a beak for a mouth.
You have claws for feet.
You can fly.
You have a somewhat thin skeletal structure. (Dex +2, Stealth)
You tend to lose your temper in combat.
You can translocate small distances at will.
You are frail. (-10% HP)


Message History

Confirm with . or Enter, or press ? or * to list all spells.
Aiming: Flame Tongue
Press: ? - help, Shift-Dir - straight line, f - hippogriff
Aim: a hippogriff (flame)
The flame tongue hits the hippogriff.
The hippogriff is lightly wounded.
The hippogriff is engulfed in blazing flames.
The hippogriff barely misses you. The hippogriff pecks you.
The hippogriff claws you!
* * * LOW HITPOINT WARNING * * *
Casting: Flame Tongue
Confirm with . or Enter, or press ? or * to list all spells.
Aiming: Flame Tongue
Press: ? - help, Shift-Dir - straight line, f/p - hippogriff
Aim: a hippogriff (flame, moderately wounded)
The flame tongue hits the hippogriff.
The hippogriff is heavily wounded.
The hippogriff is engulfed in blazing flames.
The hippogriff bites you!
You die...

###........(##.............#.....
##.....#.##.......#..............
...###.#.#.......................
.#####...#....#...##........#####
....###.....########........#####
.##........## ##.<............
......#..#.##### #..........##...
#####....#.....###..........##...
..#............H@................
....###.#########)..............#
...## #.# ##..>........#### ..##
#.# ##......>...# # .(#####.####
##.........## ## ..)..#.....##
#..........####. ....).......##
#..........#..(. ....)........#
#..........#.### .............#
#............##


You could see a hippogriff.

Vanquished Creatures
  A sky beast (D:2)
  4 adders (D:2)
  An ooze (D:1)
  A worm (D:2)
  2 dart slugs
  3 leopard geckos (D:2)
  A ball python (D:1)
  7 bats
  4 giant cockroaches
  3 goblins (D:2)
  3 hobgoblins (D:1)
  3 frilled lizards
  7 kobolds
  4 rats
44 creatures vanquished.

Notes
Turn   | Place    | Note
-------+----------+-------------------------------------------
     0 | D:1      | ANON1729 the Tengu Fire Elementalist began the quest for the Orb.
     0 | D:1      | Reached XP level 1. HP: 10/10 MP: 4/4
   218 | D:1      | Reached XP level 2. HP: 11/15 MP: 3/6
   727 | D:2      | Reached XP level 3. HP: 6/19 MP: 3/7
  1120 | D:2      | Reached XP level 4. HP: 24/24 MP: 1/8
  1125 | D:2      | Learned a level 3 spell: Conjure Flame
  1527 | D:2      | Found a shattered altar of Ashenzari.
  1804 | D:3      | Noticed a sky beast
  1853 | D:2      | Noticed a hippogriff
  1854 | D:2      | Killed a sky beast
  1854 | D:2      | Gained mutation: You can fly. [Tengu growth]
  1854 | D:2      | Reached XP level 5. HP: 7/28 MP: 2/10
  1859 | D:2      | Gained mutation: You tend to lose your temper in combat. [mutagenic meat]
  1860 | D:2      | Gained mutation: You can translocate small distances at will. [mutagenic meat]
  1861 | D:2      | Gained mutation: You are frail. (-10% HP) [mutagenic meat]
  1863 | D:2      | Gained mutation: You have a somewhat thin skeletal structure. (Dex +2, Stealth) [mutagenic meat]
  2004 | D:2      | Slain by a hippogriff

Skill      XL: |  1  2  3  4 |
---------------+-------------+-----
Conjurations   | 2 4 |  4.0
Fire Magic     | 4 |  4.9
Spellcasting   | 3 |  3.1
Dodging        | |  2.2
Stealth        | |  2.2

Action                   |  1- 3 |  4- 6 || total
-------------------------+-------+-------++-------
Melee: Unarmed           |    18 |       ||    18
       Kick              |     3 |     9 ||    12
       Peck              |     1 |     4 ||     5
       Short sword       |    13 |    27 ||    40
 Cast: Flame Tongue      |    46 |    25 ||    71
       Conjure Flame     |       |     2 ||     2
 Stab: Sleeping          |       |     1 ||     1
  Eat: Chunk             |     1 |     8 ||     9
Armor: Robe              |    17 |     7 ||    24
Dodge: Dodged            |    60 |    31 ||    91
Block: Other             |     1 |     3 ||     4
